AoeStats
← tomaro92

Arena

506364206Analyzed
1v1 RM · 20d ago on Sep 13, 2026· 42m 41s· 2 players
Game mode
Random Map
Map size
Tiny (2 player)
Population
200
Speed
Normal
Resources
Standard
Victory
Conquest
Starting age
Dark Age
Ending age
Imperial Age
RankedLock teamsTeams togetherTeam positionsShared explorationLock speedFull tech treeHidden civsTurbo modeCheats
Victory
Defeat
🇲🇽 Chinese · Mexico
1223
+15
🇩🇪 Vietnamese · Germany
1204
-15
tomaro92
11:20 Feudal Age
10:13 Loom
15:58 Castle Age
21:27 Double-Bit Axe
22:59 Squires
23:47 Horse Collar
26:22 Scale Mail Armor
30:22 Chain Mail Armor
32:10 Stone Mining
34:26 Gold Mining
37:52 Wheelbarrow
38:08 Stone Shaft Mining
38:34 Fletching
40:00 Hand Cart
45:25 Imperial Age
42:21 Elite Skirmisher
MalvXIV
0:26 Loom
8:53 Feudal Age
9:43 Double-Bit Axe
11:24 Fletching
24:17 Castle Age
25:07 Bodkin Arrow
27:32 Wheelbarrow
29:18 Bow Saw
30:27 Ballistics
33:11 Town Watch
40:05 Imperial Age
38:51 Thumb Ring
39:16 Squires
40:55 Bracer
41:59 Chemistry
41:16 Scale Mail Armor
41:27 Forging
Connection lost

Rejoining the realm…

Still unreachable

The connection could not be restored.

Session expired

The server has moved on; the page needs a fresh start.